[Event "Team 45 45 League T63"]
[Site "Internet Chess Club"]
[Date "2014.12.30"]
[Round "5"]
[White "rubo"]
[Black "Lrn2Mate"]
[Result "1/2-1/2"]
[WhiteElo "1640"]
[BlackElo "1585"]
[Opening "Bird's opening: Lasker variation"]
[ECO "A03"]
[Time "15:00:16"]
[TimeControl "2700+45"]

1. f4 d5 2. Nf3 c5 3. e3 Nf6 4. Bb5+ Bd7 5. Bxd7+ Nbxd7 6. O-O e6 7. b3 Bd6 8.
Bb2 O-O 9. Ne5 Qc7 10. Nxd7 Nxd7 11. Na3 a6 12. c4 Be7 13. cxd5 exd5 14. Qf3 Bf6
15. d4 Nb6 16. Rfc1 Qe7 17. Rxc5 Rfe8 18. Kf2 Rac8 19. Rac1 Rxc5 20. Rxc5 Qd7
21. Nc2 Be7 22. Rc3 Nc8 23. Ba3 Bxa3 24. Nxa3 Nd6 25. Ke2 Ne4 26. Rc2 Rc8 27.
Ke1 Rc3 28. Rxc3 Nxc3 29. Qf2 Qe7 30. Qd2 Ne4 31. Qc1 Qb4+ 32. Kf1 Qc3 33. Qc2
Nd2+ 34. Ke2 Ne4 35. Kf1 h6 36. g4 Qxe3 37. Nb1 Qxf4+ 38. Ke1 Qe3+ 39. Kf1 Qxd4
40. Qc8+ Kh7 41. Qf5+ g6 42. Qxf7+ Qg7 43. Qxd5 Qf6+ 44. Ke1 Qf2+ 45. Kd1 Qf3+
46. Kc1 Qe3+ 47. Kb2 b5 48. Qf7+ Kh8 49. Qf8+ Kh7 50. Qf7+ Kh8 51. Qf8+ Kh7
{Game drawn by mutual agreement} 1/2-1/2

[Event "Team 45 45 League T63"]
[Site "Internet Chess Club"]
[Date "2014.12.27"]
[Round "5"]
[White "moto"]
[Black "g8wrb"]
[Result "0-1"]
[WhiteElo "1381"]
[BlackElo "1270"]
[Opening "French: advance variation"]
[ECO "C02"]
[Time "12:05:26"]
[TimeControl "2700+45"]

1. e4 e6 2. d4 d5 3. e5 c5 4. Bb5+ Nc6 5. Bxc6+ bxc6 6. Nf3 cxd4 7. Nxd4 c5 8.
Nf3 Ba6 9. Nc3 Ne7 10. Be3 d4 {White resigns} 0-1

[Event "Team 45 45 League T63"]
[Site "Internet Chess Club"]
[Date "2015.01.05"]
[Round "5"]
[White "Elalfer"]
[Black "anishio"]
[Result "1/2-1/2"]
[WhiteElo "1561"]
[BlackElo "1711"]
[Opening "Grünfeld: modern exchange variation"]
[ECO "D90"]
[Time "22:00:12"]
[TimeControl "2700+45"]

1. d4 Nf6 2. c4 g6 3. Nf3 Bg7 4. Nc3 d5 5. cxd5 Nxd5 6. e4 Nxc3 7. bxc3 c5 8.
Be3 O-O 9. Bc4 Nc6 10. O-O Bg4 11. Rb1 cxd4 12. cxd4 Bxd4 13. Rxb7 Bxe3 14. fxe3
Qxd1 15. Rxd1 Ne5 16. Nxe5 Bxd1 17. Nxf7 Rxf7 18. Rxe7 Rf8 19. Rxa7 Kg7 20.
Rxf7+ Rxf7 21. Bxf7 Kxf7 22. Kf2 Ke6 23. Kg3 Ke5 24. Kh4 Kxe4 25. Kg5 Kxe3 26.
g4 Kf3 27. h4 Kg3 28. h5 Bxg4 29. hxg6 hxg6 30. Kxg6 {Game drawn by mutual
agreement} 1/2-1/2

[Event "Team 45 45 League T63"]
[Site "Internet Chess Club"]
[Date "2014.12.27"]
[Round "5"]
[White "TacoCrafterHD"]
[Black "QuimCatala"]
[Result "0-1"]
[WhiteElo "1472"]
[BlackElo "1368"]
[Opening "Sicilian: Pelikan (Lasker/Sveshnikov) variation"]
[ECO "B33"]
[Time "14:08:48"]
[TimeControl "2700+45"]

1. e4 c5 2. Nf3 Nc6 3. d4 cxd4 4. Nxd4 Nf6 5. Nc3 e5 6. Nxc6 bxc6 7. Be3 d6 8.
Be2 h6 9. O-O Be7 10. f3 Be6 11. Bd3 d5 12. exd5 cxd5 13. Bb5+ Kf8 14. Bf2 d4
15. Ne2 Qb6 16. Nc3 Bc5 17. b4 Bxb4 18. Rb1 Bxc3 19. Bd7 Qd6 20. Bxe6 Qxe6 21.
Rb3 Ke7 22. Qd3 a6 23. Be1 Rhd8 24. Bxc3 dxc3 25. Qxc3 Rac8 26. Qb4+ Ke8 27. f4
Nd5 28. Qe4 exf4 29. Qa4+ Kf8 {White resigns} 0-1

[Event "Team 45 45 League T63"]
[Site "Internet Chess Club"]
[Date "2014.12.28"]
[Round "5"]
[White "Tribe97"]
[Black "browndeer"]
[Result "0-1"]
[WhiteElo "1447"]
[BlackElo "1528"]
[Opening "King's Indian: East Indian defense"]
[ECO "A48"]
[Time "20:00:23"]
[TimeControl "2700+45"]

1. d4 Nf6 2. Nf3 g6 3. e3 Bg7 4. Nbd2 O-O 5. Be2 Nc6 6. c4 d5 7. O-O e6 8. a3 a6
9. b4 Ne7 10. Ne5 dxc4 11. Ndxc4 Ned5 12. Qc2 Bd7 13. Bb2 Rc8 14. Rac1 Re8 15.
Rfd1 Bb5 16. Na5 b6 17. Nac6 Qd6 18. Bxb5 axb5 19. Qd3 Ra8 20. Qxb5 Ne4 21. Nc4
Qd7 22. N4e5 Bxe5 23. dxe5 Nec3 24. Bxc3 Nxc3 25. Rxd7 Nxb5 26. Nd4 Nxd4 27.
Rxd4 Rxa3 28. b5 Rc8 29. h4 Rb3 30. Rdc4 Rxb5 31. Rxc7 Rxc7 32. Rxc7 Rxe5 33.
Rb7 b5 34. Kf1 Kg7 35. Ke2 Rd5 36. g3 h6 37. Kf3 Kf6 38. g4 g5 39. hxg5+ Rxg5
40. e4 Kg6 41. Rb6 h5 42. gxh5+ Rxh5 43. Kf4 Kf6 44. f3 Ke7 45. e5 Rh4+ 46. Ke3
Rb4 47. Rb7+ Kf8 48. f4 Kg7 49. Kf3 Kg6 50. Kg4 Rb1 51. Rb8 b4 52. Rg8+ Kh7 53.
Rb8 b3 54. Kg5 Kg7 55. Rb7 b2 56. f5 Rg1+ 57. Kf4 b1=Q 58. f6+ Kg6 59. Rxb1 Rxb1
60. Ke4 Rb4+ 61. Kd3 Kf5 62. Kc3 Re4 {White resigns} 0-1

[Event "Team 45 45 League T63"]
[Site "Internet Chess Club"]
[Date "2014.12.28"]
[Round "5"]
[White "almond123"]
[Black "HorseRadish"]
[Result "0-1"]
[WhiteElo "1479"]
[BlackElo "1395"]
[Opening "Caro-Kann: classical variation"]
[ECO "B18"]
[Time "13:01:13"]
[TimeControl "2700+45"]

1. e4 c6 2. d4 d5 3. Nc3 dxe4 4. Nxe4 Bf5 5. Ng3 Bg6 6. Nf3 Nf6 7. Be3 e6 8. Bc4
Be7 9. O-O Nbd7 10. Qd2 h6 11. Bd3 Bxd3 12. Qxd3 O-O 13. Rad1 c5 14. dxc5 Bxc5
15. Qc3 Nd5 16. Qd3 Nxe3 17. fxe3 Nf6 18. Qc3 Qb6 19. Rfe1 Nd5 20. Qd3 Nxe3 21.
Rc1 Nxc2+ 22. Kh1 Nxe1 23. Nxe1 Rad8 24. Qc3 Bd4 25. Qc2 Qxb2 26. Qxb2 Bxb2 27.
Rb1 Bc3 28. Nf3 b6 29. Ne4 Bf6 30. Nfd2 Rd7 31. Nc4 Rfd8 32. Ne3 Bg5 33. Nxg5
hxg5 34. h3 Rd2 35. a3 Ra2 36. Nc4 Rd4 37. Ne3 Rdd2 38. Rc1 f5 39. Rg1 f4 40.
Ng4 Re2 41. a4 Rxa4 42. g3 fxg3 43. Rxg3 Ra1+ 44. Rg1 Rxg1+ 45. Kxg1 a5 46. Nf2
Rxf2 47. Kxf2 Kf7 48. Ke3 Kf6 49. Kd3 Ke5 50. Ke3 Kd5 51. Kd3 e5 52. Kc3 e4 53.
Kd2 b5 54. Kc3 b4+ 55. Kd2 a4 56. Kc2 a3 57. Kb3 Kd4 58. Kc2 Ke3 59. Kb3 Kf2 60.
Kc2 e3 61. Kb3 e2 62. Kxb4 e1=Q+ 63. Kxa3 Qb1 64. Ka4 Ke3 65. Ka3 Kd4 66. Ka4
Kc5 67. Ka3 Kc4 68. h4 Qb3# {White checkmated} 0-1

[Event "Team 45 45 League T63"]
[Site "Internet Chess Club"]
[Date "2014.12.27"]
[Round "5"]
[White "viktory"]
[Black "Tjet"]
[Result "1/2-1/2"]
[WhiteElo "1574"]
[BlackElo "1583"]
[Opening "Old Indian defense"]
[ECO "A42"]
[Time "16:08:48"]
[TimeControl "2700+45"]

1. d4 d6 2. c4 e5 3. dxe5 dxe5 4. Qxd8+ Kxd8 5. Nf3 Bb4+ 6. Nbd2 Bxd2+ 7. Bxd2
f6 8. e4 Ne7 9. Rd1 Ke8 10. Rg1 Nbc6 11. Bc3 Bg4 12. h3 Bxf3 13. gxf3 g6 14. h4
Rd8 15. Bh3 Nd4 16. Bxd4 exd4 17. c5 Nc6 18. a3 Ne5 19. Rg3 Ke7 20. b3 Rhg8 21.
f4 Nc6 22. b4 h6 23. f5 gxf5 24. exf5 Rxg3 25. fxg3 Ne5 26. Kf2 Nc4 27. a4 Nb2
28. Rd2 Nxa4 29. Bg2 b6 30. Ra2 b5 31. Bc6 d3 32. Rd2 Nc3 33. Ke3 Nd5+ 34. Bxd5
Rxd5 35. Rxd3 Rxf5 36. Ra3 Ke6 {Game drawn by mutual agreement} 1/2-1/2

[Event "Team 45 45 League T63"]
[Site "Internet Chess Club"]
[Date "2014.12.28"]
[Round "5"]
[White "KingOfClubs"]
[Black "karthikkallam"]
[Result "0-1"]
[WhiteElo "1307"]
[BlackElo "1309"]
[Opening "Ponziani: Jaenisch counter-attack"]
[ECO "C44"]
[Time "13:00:40"]
[TimeControl "2700+45"]

1. e4 e5 2. Nf3 Nc6 3. c3 Nf6 4. d3 Bc5 5. b4 Bb6 6. b5 Ne7 7. Nxe5 d6 8. Nf3
Ng4 9. d4 c5 10. h3 Nf6 11. Nbd2 cxd4 12. cxd4 O-O 13. Bd3 Ng6 14. O-O Nf4 15.
Nb3 Nxd3 16. Qxd3 Re8 17. e5 dxe5 18. Ng5 Bxd4 19. Nxd4 Qxd4 20. Qb3 Be6 21.
Nxe6 Rxe6 22. Be3 Qd6 23. Rfd1 Qe7 24. Rac1 Rd6 25. Bc5 Rxd1+ 26. Qxd1 Qe8 27.
a4 b6 28. Ba3 Rc8 29. Rxc8 Qxc8 30. Qa1 Nd7 31. Bd6 f6 32. Qa2+ Kh8 33. Qe6 h6
34. g3 Qd8 35. Qb3 Nc5 36. Bxc5 bxc5 37. Qc4 Qd6 38. Qg4 Qd8 39. Kg2 Qd5+ 40.
Kh2 c4 41. Qc8+ Kh7 42. Qf5+ g6 43. Qc2 Qd4 44. Kg2 Kg7 45. f3 f5 46. Kf1 Kf6
47. g4 Qd3+ 48. Qxd3 cxd3 49. Ke1 e4 50. fxe4 fxe4 51. Kd2 Ke5 52. a5 Kd6 53. h4
Kc5 54. b6 axb6 55. axb6 Kxb6 56. Ke3 Kc5 57. Kxe4 d2 58. Ke3 d1=Q {White
resigns} 0-1

[Event "Team 45 45 League T63"]
[Site "Internet Chess Club"]
[Date "2014.12.30"]
[Round "5"]
[White "ChessMaine"]
[Black "clarinetref"]
[Result "0-1"]
[WhiteElo "1489"]
[BlackElo "1601"]
[Opening "QGD Slav: 4.e3 Bf5"]
[ECO "D12"]
[Time "20:09:09"]
[TimeControl "2700+45"]

1. d4 d5 2. Nf3 Nf6 3. e3 Bf5 4. c4 c6 5. Nc3 h6 6. Qb3 Qb6 7. Qxb6 axb6 8. cxd5
cxd5 9. Nb5 Na6 10. Bd2 Rc8 11. Rc1 Rxc1+ 12. Bxc1 e6 13. a3 Be7 14. Ne5 O-O 15.
Bd2 Rc8 16. Bc3 Nc7 17. f3 Nxb5 18. Bxb5 Bxa3 19. Kd2 Bxb2 20. e4 Bxc3+ 21. Ke3
dxe4 22. Rc1 Bxd4+ 23. Kd2 Be3+ 24. Kxe3 Rxc1 {White resigns} 0-1

[Event "Team 45 45 League T63"]
[Site "Internet Chess Club"]
[Date "2014.12.26"]
[Round "5"]
[White "PostMike"]
[Black "Hal2001"]
[Result "1/2-1/2"]
[WhiteElo "1456"]
[BlackElo "1564"]
[Opening "Sicilian: accelerated fianchetto, modern variation with Bc4"]
[ECO "B35"]
[Time "14:35:05"]
[TimeControl "2700+45"]

1. e4 g6 2. d4 Bg7 3. Nc3 c5 4. Nf3 cxd4 5. Nxd4 Nc6 6. Be3 Nf6 7. Bc4 O-O 8.
Bb3 Na5 9. O-O Nxb3 10. axb3 a6 11. f3 d6 12. Na4 Bd7 13. Qc1 Qc7 14. Rd1 b5 15.
Nc3 Rfd8 16. Nde2 Bc6 17. Nf4 e6 18. Nce2 d5 19. exd5 Nxd5 20. Nxd5 Bxd5 21. h3
Rdc8 22. Rd2 Bb7 23. c3 Rd8 24. b4 Rxd2 25. Qxd2 Rd8 26. Qe1 Qc4 27. Nd4 Rc8 28.
Ra3 Qd5 29. Nb3 Rd8 30. Nc5 Qc6 31. Qa1 Ra8 32. Qd1 Bf8 33. Ra1 Qb6 34. Qe2 Qc7
35. Rd1 Bd5 36. Ra1 Qc6 {Game drawn by mutual agreement} 1/2-1/2

[Event "Team 45 45 League T63"]
[Site "Internet Chess Club"]
[Date "2014.12.29"]
[Round "5"]
[White "seattleblues"]
[Black "KidRattler"]
[Result "0-1"]
[WhiteElo "1394"]
[BlackElo "1479"]
[Opening "QGD: Semi-Tarrasch, 5.cd"]
[ECO "D41"]
[Time "19:09:26"]
[TimeControl "2700+45"]

1. d4 Nf6 2. Nf3 e6 3. c4 d5 4. Nc3 c5 5. cxd5 Nxd5 6. Bg5 Nxc3 7. Bxd8 Nxd1 8.
Rxd1 Kxd8 9. dxc5+ Ke8 10. b4 Be7 11. e3 Bd7 12. Be2 Bf6 13. O-O Nc6 14. a3 Ke7
15. Nd2 Rhd8 16. Nc4 Be5 17. f4 Bc7 18. e4 Be8 19. Rb1 Nd4 20. Bd3 Bb5 21. Rfd1
Bxc4 22. Bxc4 Bxf4 23. g3 Be3+ 24. Kg2 Nc2 25. Rxd8 Rxd8 26. Rb3 Rd2+ 27. Kh3
Bg1 {White resigns} 0-1

[Event "Team 45 45 League T63"]
[Site "Internet Chess Club"]
[Date "2014.12.28"]
[Round "5"]
[White "Aquaman"]
[Black "Conjurer"]
[Result "0-1"]
[WhiteElo "1357"]
[BlackElo "1244"]
[Opening "Réti opening"]
[ECO "A04"]
[Time "15:00:42"]
[TimeControl "2700+45"]

1. Nf3 g6 2. g3 Bg7 3. Bg2 c6 4. O-O Nf6 5. d3 O-O 6. e4 Re8 7. e5 Nd5 8. c4 Nc7
9. d4 d6 10. Bf4 d5 11. c5 Ne6 12. Be3 b6 13. b4 a5 14. Qd2 axb4 15. Qxb4 bxc5
16. dxc5 Na6 17. Qc3 Qc7 18. Rd1 Rb8 19. Na3 f6 20. exf6 Bxf6 21. Bd4 Naxc5 22.
Bxf6 exf6 23. Qxf6 Ba6 24. Qc3 Ne4 25. Qe5 Qa5 26. Nc2 N6c5 27. Qf4 Rb2 28. Nfd4
Nc3 29. Re1 Rxe1+ 30. Rxe1 N3e4 31. Qb8+ Rxb8 32. Nxc6 Qxe1+ 33. Nxe1 Rb1 34.
Bxe4 Rxe1+ 35. Kg2 dxe4 36. Nb4 Bf1+ 37. Kh1 Bh3# {White checkmated} 0-1

[Event "Team 45 45 League T63"]
[Site "Internet Chess Club"]
[Date "2014.12.25"]
[Round "5"]
[White "BotanicalKnight"]
[Black "Gilguli"]
[Result "0-1"]
[WhiteElo "1539"]
[BlackElo "1456"]
[Opening "Sicilian: closed"]
[ECO "B23"]
[Time "15:02:04"]
[TimeControl "2700+45"]

1. e4 c5 2. Nc3 d6 3. g3 Nc6 4. Bg2 Nf6 5. d3 g6 6. h3 Bg7 7. f4 O-O 8. Nf3 b6
9. O-O Ba6 10. g4 b5 11. e5 dxe5 12. Nxe5 Nxe5 13. Bxa8 Qd4+ 14. Kh2 Nfxg4+ 15.
hxg4 Rxa8 16. fxe5 Bxe5+ 17. Kh3 h5 18. Qf3 hxg4+ 19. Qxg4 Bc8 20. Qxc8+ Rxc8
21. Ne4 f5 22. Ng5 {White resigns} 0-1

[Event "Team 45 45 League T63"]
[Site "Internet Chess Club"]
[Date "2015.01.04"]
[Round "5"]
[White "pmxpp"]
[Black "chesskix"]
[Result "1/2-1/2"]
[WhiteElo "1311"]
[BlackElo "1458"]
[Opening "Dutch: classical variation"]
[ECO "A96"]
[Time "14:04:17"]
[TimeControl "2700+45"]

1. d4 f5 2. g3 Nf6 3. Bg2 e6 4. c4 Be7 5. Nf3 O-O 6. O-O d6 7. Nc3 Ne4 8. Qc2
Nxc3 9. Qxc3 Nd7 10. b3 Nf6 11. Qc2 Qe8 12. e3 Ne4 13. Nd2 Nxd2 14. Bxd2 c6 15.
Rae1 Bg5 16. a4 Qh5 17. Qd1 Qh6 18. Bb4 Be7 19. Bd2 Bg5 20. Bb4 Be7 {Game drawn
by mutual agreement} 1/2-1/2

[Event "Team 45 45 League T63"]
[Site "Internet Chess Club"]
[Date "2014.12.28"]
[Round "5"]
[White "Just-Jim"]
[Black "semperfi"]
[Result "0-1"]
[WhiteElo "1267"]
[BlackElo "1426"]
[Opening "Canard opening"]
[ECO "A45"]
[Time "11:00:10"]
[TimeControl "2700+45"]

1. d4 Nf6 2. f4 e6 3. Nf3 d5 4. e3 c5 5. Bb5+ Bd7 6. Bxd7+ Qxd7 7. O-O cxd4 8.
exd4 Nc6 9. c3 Bd6 10. Ne5 Qc7 11. Be3 O-O 12. a3 Ne4 13. Nd2 Nxd2 14. Bxd2 f6
15. Nxc6 Qxc6 16. Qe2 Qd7 17. Be3 b5 18. Rf3 a5 19. Rh3 g6 20. g4 Rab8 21. Rf1
a4 22. Rh4 Qe7 23. g5 Qc7 24. gxf6 Rxf6 25. Qg4 Qf7 26. Rf3 Bf8 27. Rfh3 h6 28.
Qg2 Qh7 29. f5 g5 30. Bxg5 Rxf5 31. Bf4+ Kf7 32. Bxh6 Rf6 33. Bxf8 Qb1+ 34. Qf1
Qxf1# {White checkmated} 0-1

[Event "Team 45 45 League T63"]
[Site "Internet Chess Club"]
[Date "2014.12.29"]
[Round "5"]
[White "KingOfClubs"]
[Black "smsxman"]
[Result "0-1"]
[WhiteElo "1297"]
[BlackElo "1458"]
[Opening "Ponziani: Jaenisch counter-attack"]
[ECO "C44"]
[Time "04:00:07"]
[TimeControl "2700+45"]

1. e4 e5 2. Nf3 Nc6 3. c3 Nf6 4. d4 exd4 5. e5 Ng4 6. cxd4 d6 7. h3 Nh6 8. Bb5
Bd7 9. O-O Be7 10. exd6 Bxd6 11. Re1+ Ne7 12. Bxd7+ Qxd7 13. Ne5 Bxe5 14. Rxe5
O-O-O 15. Bxh6 gxh6 16. Qg4 Qxg4 17. hxg4 Nc6 18. Rc5 Rxd4 19. f3 Rd1+ 20. Kh2
Nd4 21. Rd5 Rd8 22. Rxd8+ Kxd8 {White resigns} 0-1

[Event "Team 45 45 League T63"]
[Site "Internet Chess Club"]
[Date "2014.12.27"]
[Round "5"]
[White "Leon13"]
[Black "arconia"]
[Result "0-1"]
[WhiteElo "1385"]
[BlackElo "1307"]
[Opening "Sicilian: closed, 2...Nc6"]
[ECO "B23"]
[Time "11:02:20"]
[TimeControl "2700+45"]

1. e4 c5 2. Nc3 Nc6 3. Bb5 Nf6 4. Bxc6 bxc6 5. e5 Nd5 6. Nge2 Qc7 7. f4 e6 8.
Ne4 Ba6 9. d3 Be7 10. c4 Nb6 11. Be3 d5 12. exd6 Bxd6 13. Nxc5 Bxc5 14. Bxc5 Nd7
15. Bb4 c5 16. Bc3 O-O 17. O-O Bb7 18. Ng3 f5 19. Nh5 Rf7 20. Qe1 Qc6 21. Rf3
Nf6 22. Nxf6+ gxf6 23. Qh4 Rg7 24. Rg3 Rg6 25. Rxg6+ hxg6 26. Qg3 Kf7 27. Rf1
Rg8 28. Rf3 g5 29. fxg5 Rxg5 30. Qh3 e5 31. Kf2 Qa4 32. Qh7+ Rg7 33. Qh5+ Kg8
34. Rg3 Qc2+ 35. Qe2 Qxe2+ 36. Kxe2 Rxg3 37. hxg3 Bxg2 38. b4 cxb4 39. Bxb4 Kg7
40. Ke3 Kg6 41. a4 Kg5 42. a5 a6 43. Kf2 Bb7 44. Bc5 f4 45. gxf4+ exf4 46. Bd4
f5 47. Be5 Kg4 48. d4 Bc6 49. d5 Bb7 50. d6 Bc6 51. c5 f3 52. Bd4 f4 53. Bc3 Kf5
54. Bb4 Ke4 55. Ba3 Kd4 56. d7 Bxd7 57. Kxf3 Ke5 58. Bb2+ Kf5 59. Bc1 Bc6+ 60.
Kf2 Kg4 61. Bd2 Kf5 62. Bb4 Ke4 63. Bd2 f3 64. Be3 Kd3 65. Bc1 Kc4 66. Ba3 Kb5
67. Bc1 Kxa5 68. Bd2+ Kb5 69. Be3 a5 70. Ke1 Kb4 71. Kd2 Kb3 72. Kc1 a4 73. Kb1
Kc3 74. Bf2 Kd3 75. Kb2 Ke2 76. Bd4 f2 77. Bxf2 Kxf2 78. Ka3 Ke3 79. Kb2 Kd4
{White resigns} 0-1

[Event "Team 45 45 League T63"]
[Site "Internet Chess Club"]
[Date "2014.12.29"]
[Round "5"]
[White "rgadoury"]
[Black "chips"]
[Result "1/2-1/2"]
[WhiteElo "1388"]
[BlackElo "1166"]
[Opening "Scandinavian (center counter) defense"]
[ECO "B01"]
[Time "09:02:22"]
[TimeControl "2700+45"]

1. e4 d5 2. exd5 Qxd5 3. Nc3 Qe5+ 4. Qe2 Qxe2+ 5. Bxe2 Nf6 6. Nf3 g6 7. d4 Bg7
8. Be3 e6 9. O-O Nbd7 10. Rad1 O-O 11. a4 b6 12. b4 Bb7 13. b5 a6 14. Ra1 a5 15.
Bd3 Bxf3 16. gxf3 Rac8 17. Ne4 c6 18. Nxf6+ Nxf6 19. bxc6 Rxc6 20. c4 Rfc8 21.
Rac1 Bf8 22. h3 Ba3 23. Rc2 Bf8 24. Kg2 Bg7 25. f4 Ne8 26. f3 Nd6 27. c5 bxc5
28. dxc5 Nf5 29. Bf2 Nd4 30. Bxd4 Bxd4 31. Bb5 Rxc5 32. Rxc5 Rxc5 33. Rd1 Bc3
34. Kg3 Bg7 35. Rd6 Bc3 36. Rd3 Bb4 37. Re3 Rc3 38. Rxc3 Bxc3 39. Bd3 {Game
drawn by mutual agreement} 1/2-1/2

[Event "Team 45 45 League T63"]
[Site "Internet Chess Club"]
[Date "2014.12.27"]
[Round "5"]
[White "dabodhi"]
[Black "guyd52"]
[Result "1-0"]
[WhiteElo "1386"]
[BlackElo "1318"]
[Opening "Pirc: bayonet (Mariotti) attack"]
[ECO "B06"]
[Time "18:00:24"]
[TimeControl "2700+45"]

1. e4 g6 2. d4 Bg7 3. Nc3 d6 4. Be2 Nf6 5. h4 Nbd7 6. h5 h6 7. hxg6 fxg6 8. Nh3
h5 9. Nf4 Nf8 10. Ncd5 Nxe4 11. Nxh5 Rg8 12. Nxg7+ Rxg7 13. Rh8 Be6 14. Bh6 Rf7
15. Nf4 Kd7 16. Nxe6 Kxe6 17. d5+ Kd7 18. Bg4+ Ke8 19. f3 Ng3 20. Be6 Rf6 21.
Qd3 c6 22. O-O-O cxd5 23. Qb5+ Qd7 24. Qxd7# {Black checkmated} 1-0

[Event "Team 45 45 League T63"]
[Site "Internet Chess Club"]
[Date "2015.01.04"]
[Round "5"]
[White "Conjurer"]
[Black "seattleblues"]
[Result "0-1"]
[WhiteElo "1236"]
[BlackElo "1415"]
[Opening "English opening"]
[ECO "A17"]
[Time "21:00:14"]
[TimeControl "2700+45"]

1. c4 Nf6 2. Nc3 e6 3. g3 d5 4. cxd5 exd5 5. Bg2 Be7 6. d3 O-O 7. Nf3 b6 8. O-O
Bb7 9. Nd4 Qd7 10. a4 c5 11. Nf3 Nc6 12. d4 cxd4 13. Nxd4 Nxd4 14. Qxd4 Bc5 15.
Qd3 Rad8 16. Bg5 Be7 17. Qd4 h6 18. Bf4 Bc5 19. Qd3 a6 20. Rad1 d4 21. Bxb7 Qxb7
22. Nb1 Rfe8 23. Qc2 Nd5 24. Bd2 Rxe2 25. Rfe1 Rxf2 26. Kxf2 d3+ 27. Qxc5 bxc5
28. Re4 Nf6 {White resigns} 0-1

[Event "Team 45 45 League T63"]
[Site "Internet Chess Club"]
[Date "2014.12.26"]
[Round "5"]
[White "Just-Jim"]
[Black "Toalla"]
[Result "0-1"]
[WhiteElo "1299"]
[BlackElo "1315"]
[Opening "Queen's pawn game"]
[ECO "D00"]
[Time "14:25:28"]
[TimeControl "2700+45"]

1. d4 d5 2. f4 Nf6 3. Nf3 Bf5 4. e3 e6 5. a3 c6 6. Bd3 Bxd3 7. Qxd3 g6 8. O-O
Bg7 9. Nc3 O-O 10. Re1 Re8 11. Bd2 Nbd7 12. e4 dxe4 13. Nxe4 Nxe4 14. Rxe4 Nf6
15. Ree1 Qc7 16. c4 c5 17. Bc3 Rad8 18. g3 Nd7 19. Ne5 cxd4 20. Bxd4 Nc5 21. Qe3
b6 22. Qf2 f6 23. Bxc5 fxe5 24. Bb4 e4 25. Rxe4 Rd3 26. Bc3 Bxc3 27. bxc3 Qc5
28. Qxc5 bxc5 29. Rae1 Kf7 30. Re5 Rxc3 31. Rxc5 Re7 32. Ra1 h5 33. h4 Rxg3+ 34.
Kh2 Rf3 35. a4 Rxf4 36. Kg3 Rd4 37. Rb1 Red7 38. Rb8 Rg4+ 39. Kf3 Rdd4 40. Rc7+
Kf6 41. Rf8+ Ke5 42. Rxa7 Rxh4 43. Ra5+ Kd6 44. Rd8+ Ke7 45. Rxd4 Rxd4 46. Rc5
Kd6 47. Rc8 e5 48. Rd8+ Kc5 49. Rxd4 exd4 50. Ke4 h4 51. a5 h3 52. a6 h2 53. a7
h1=Q+ 54. Kd3 Qa1 {White resigns} 0-1

[Event "Team 45 45 League T63"]
[Site "Internet Chess Club"]
[Date "2014.12.29"]
[Round "5"]
[White "WilmaP"]
[Black "jjaco"]
[Result "1-0"]
[WhiteElo "1208"]
[BlackElo "998"]
[Opening "Hungarian defense"]
[ECO "C50"]
[Time "12:00:34"]
[TimeControl "2700+45"]

1. e4 e5 2. Nf3 Nc6 3. Bc4 Be7 4. d3 d6 5. h3 Nf6 6. O-O O-O 7. Nbd2 h6 8. c3 a6
9. d4 d5 10. Bd3 Nh7 11. Qc2 g6 12. dxe5 f5 13. exf5 Bxf5 14. Nb3 b6 15. Bxh6
Re8 16. Bxf5 Nf8 17. Bxg6 Kh8 {Black resigns} 1-0

[Event "Team 45 45 League T63"]
[Site "Internet Chess Club"]
[Date "2015.01.06"]
[Round "5"]
[White "Aquaman"]
[Black "bardu"]
[Result "0-1"]
[WhiteElo "1330"]
[BlackElo "1104"]
[Opening "Nimzovich-Larsen attack: Indian variation"]
[ECO "A01"]
[Time "15:01:53"]
[TimeControl "2700+45"]

1. b3 Nf6 2. Bb2 e6 3. e3 b6 4. c4 Bb7 5. Nf3 d5 6. cxd5 exd5 7. Be2 Be7 8. O-O
O-O 9. d4 c5 10. Nbd2 Nbd7 11. Rc1 Rc8 12. Ba3 Re8 13. Bb2 Qc7 14. Re1 Qb8 15.
Nf1 cxd4 16. Nxd4 Rxc1 17. Bxc1 Rc8 18. Bd2 Qe5 19. Nf3 Qb2 20. Qb1 Rc2 21. Bd3
Qxb1 22. Rxb1 Rxa2 23. Bc3 Ne4 24. Be1 Ndc5 25. Bxe4 dxe4 26. Nd4 Bf6 27. Nf5
Ra1 28. Rxa1 Bxa1 29. b4 Nd3 30. Bd2 a5 31. bxa5 b5 32. N1g3 b4 33. Nd6 b3 34.
Bc3 Bxc3 35. Nc4 Bxa5 36. Ne2 Ba6 37. Na3 Bb4 38. Nb1 Nc5 39. Nd4 b2 40. Nc6 Nd3
41. g4 Bd6 42. Kg2 Ne5 43. Nd4 Nxg4 44. h3 Ne5 45. Nb3 Bd3 46. N3d2 Nc4 47. Nxc4
Bxc4 48. Nd2 Bd3 49. f3 Bb4 50. Nxe4 b1=Q {White resigns} 0-1

[Event "Team 45 45 League T63"]
[Site "Internet Chess Club"]
[Date "2014.12.28"]
[Round "5"]
[White "Kandor"]
[Black "semperfi"]
[Result "0-1"]
[WhiteElo "1275"]
[BlackElo "1436"]
[Opening "French defense"]
[ECO "C00"]
[Time "20:00:24"]
[TimeControl "2700+45"]

1. e4 e6 2. Nf3 d5 3. d3 dxe4 4. dxe4 Qxd1+ 5. Kxd1 Nf6 6. Nc3 a6 7. Bc4 Bd6 8.
e5 Ng4 9. exd6 Nxf2+ 10. Ke2 Nxh1 11. Be3 Ng3+ 12. hxg3 cxd6 13. Rd1 Ke7 14. a4
Nc6 15. Rd2 f6 16. Kf2 Bd7 17. b3 Rac8 18. Nd1 e5 19. Nc3 Nb4 20. Nd5+ Nxd5 21.
Bxd5 Bc6 22. Bc4 Rhd8 23. Nh4 g6 24. g4 d5 25. Bc5+ Ke6 26. Be2 d4 27. Bc4+ Bd5
28. Bxd5+ Rxd5 29. b4 Rc6 30. a5 Kf7 31. Kf3 Re6 32. Ke4 Rd7 33. Rd3 Kg7 34. c4
Kh6 35. g3 Kg5 {White resigns} 0-1

[Event "Team 45 45 League T63"]
[Site "Internet Chess Club"]
[Date "2015.01.02"]
[Round "5"]
[White "RobertBuice"]
[Black "jaybird44"]
[Result "0-1"]
[WhiteElo "1194"]
[BlackElo "1241"]
[Opening "QGD Slav: 3.Nf3"]
[ECO "D11"]
[Time "18:00:17"]
[TimeControl "2700+45"]

1. d4 d5 2. c4 c6 3. Nf3 dxc4 4. Nc3 b5 5. a3 Nf6 6. e4 e6 7. Bg5 Be7 8. e5 Nd5
9. Nxd5 cxd5 10. Bxe7 Qxe7 11. b4 f6 12. Be2 fxe5 13. Nxe5 O-O 14. O-O Nd7 15.
Nc6 Qf6 16. a4 bxa4 17. Rxa4 e5 18. Bf3 Qxc6 19. Re1 Nb6 20. Ra5 e4 21. b5 Qg6
22. Bh5 Qf6 23. Re3 Qxf2+ 24. Kh1 Qxe3 25. Ra1 Rf2 26. Qf1 Rxf1+ 27. Rxf1 Be6
28. Bf7+ Bxf7 29. Rxf7 Qe1+ 30. Rf1 Qxf1# {White checkmated} 0-1

[Event "Team 45 45 League T63"]
[Site "Internet Chess Club"]
[Date "2014.12.30"]
[Round "5"]
[White "wildangels"]
[Black "artspir"]
[Result "0-1"]
[WhiteElo "1009"]
[BlackElo "1200"]
[Opening "Réti opening"]
[ECO "A04"]
[Time "10:00:15"]
[TimeControl "2700+45"]

1. Nf3 c6 2. d3 d5 3. Nbd2 Nf6 4. g3 Bf5 5. Bg2 e6 6. O-O Bd6 7. c3 O-O 8. Re1
c5 9. Nh4 Bg6 10. e4 Bc7 11. e5 Nfd7 12. d4 cxd4 13. cxd4 Nc6 14. Ndf3 Ba5 15.
Bd2 Bxd2 16. Qxd2 Rb8 17. a3 Na5 18. Qf4 Rc8 19. Bf1 Nb6 20. Nxg6 fxg6 21. Qg4
Rf5 22. Bd3 h5 23. Qxg6 Rxf3 24. Qh7+ Kf8 25. Bg6 Qg5 26. Qxg7+ Kxg7 27. Bxh5
Qxh5 28. Kg2 Rcf8 29. Re3 Rxf2+ 30. Kg1 Qxh2# {White checkmated} 0-1